 Dungeon Crawl Stone Soup version 0.22.1-2-g9c5b331383 (webtiles) character file.

9632 McIrco the Covert (level 11, -6/88 HPs)
             Began as a Vampire Assassin on Jan 6, 2019.
             Was an Elder of Dithmenos.
             Hit by an exploding tomahawk thrown by an orc warrior (16 damage)
             ... on level 1 of the Orcish Mines.
             The game lasted 00:46:17 (19752 turns).

McIrco the Covert (Vampire Assassin)               Turns: 19752, Time: 00:46:18

Health: -6/88      AC: 10    Str: 15    XL:     11   Next: 25%
Magic:  3/3        EV: 13    Int: 13    God:    Dithmenos [****..]
Gold:   367        SH: 16    Dex: 20    Spells: 10/10 levels left

rFire    . . .     SeeInvis +   a - +1 rapier "Pibb" {antimagic, Str+5}
rCold    + . .     Gourm    .   p - +1 shield
rNeg     + + .     Faith    .   G - +2 ring mail {MR+}
rPois    +         Spirit   .   (no helmet)
rElec    .         Reflect  .   d - +0 cloak
rCorr    .         Harm     .   (no gloves)
MR       ++...                  (no boots)
Stlth    +++++++++.             (no amulet)
HPRegen  0.12/turn              E - ring of see invisible
MPRegen  0.08/turn              (no ring)

@: regenerating slowly, wreathed by umbra
A: claws 1, fangs 3, large bone plates 1, yellow scales 1, see invisible, robust
1, unbreathing
a: Bat Form, Shadow Step, Renounce Religion


You were on level 1 of the Orcish Mines.
You worshipped Dithmenos.
Dithmenos was greatly pleased with you.
You were near bloodless.

You visited 2 branches of the dungeon, and saw 12 of its levels.

You collected 818 gold pieces.
You spent 451 gold pieces at shops.

Inventory:

Hand Weapons
 a - the +1 rapier "Pibb" (weapon) {antimagic, Str+5}
   (You bought it in a shop on level 6 of the Dungeon)

   It reduces the magical energy of the wielder, and disrupts the spells and
   magical abilities of those hit.
   Natural abilities and divine invocations are not affected.
   It affects your strength (+5).
 b - a +1 blowgun
 f - a +5 long sword
 o - a +1 short sword of venom
 H - a +2 dagger
 Q - a +0 dagger of draining
Missiles
 e - 30 poisoned needles
 B - 7 curare-tipped needles
 R - 6 needles of sleeping
 S - a throwing net (quivered)
Armour
 c - a +0 robe
 d - a +0 cloak (worn)
 p - a +1 shield (worn)
 x - a +0 robe
 G - a +2 ring mail of magic resistance (worn)
Jewellery
 v - an uncursed amulet of faith
 C - an uncursed amulet of magic regeneration
 E - a ring of see invisible (left claw)
 O - an uncursed ring of fire {unknown}
Wands
 A - a wand of enslavement (22)
 D - a wand of disintegration (13)
 F - a wand of polymorph (12)
 J - a wand of scattershot (5)
 L - a wand of acid (7)
Scrolls
 h - 5 scrolls of identify
 i - 6 scrolls of teleportation
 s - a scroll of blinking
 y - 11 scrolls of remove curse
 K - 2 scrolls of noise {unknown}
 M - a scroll of holy word {unknown}
 P - a scroll of magic mapping
 T - a scroll of amnesia {unknown}
 U - a scroll of fear {unknown}
Potions
 g - 13 potions of blood
 j - 2 potions of might
 k - 3 potions of haste
 l - 6 potions of curing
 m - 2 potions of agility
 n - 3 potions of brilliance
 q - 2 potions of invisibility
 r - 5 potions of lignification
 t - 2 potions of cancellation
 u - 2 potions of mutation
 w - a potion of ambrosia
 z - 2 potions of degeneration
 I - a potion of berserk rage
 N - 2 potions of heal wounds


   Skills:
 + Level 5.3 Fighting
 + Level 9.6 Short Blades
 + Level 5.2 Throwing
 + Level 1.8 Armour
 + Level 6.1 Dodging
 + Level 12.9 Stealth
 * Level 8.1 Shields


You had 10 spell levels left.
You didn't know any spells.
Your spell library contained the following spells:

 Spells                   Type           Power        Failure   Level  Hunger
 Animate Skeleton         Necr           N/A          82%         1    ##.....
 Apportation              Tloc           #.....       82%         1    ##.....
 Confusing Touch          Hex            #.....       82%         1    ##.....
 Summon Small Mammal      Summ           #...         82%         1    ##.....


Dungeon Overview and Level Annotations

Branches:
Dungeon (11/15)            Temple (0/1) D:4            Lair (0/6) D:11
    Orc (1/2) D:9

Altars:
Dithmenos
Gozag
Kikubaaqudgha
Okawaru
Qazlal
Sif Muna
Trog
Vehumet
Wu Jian
Xom
Yredelemnul

Shops:
D:5 %   D:6 (   D:9 !   D:10 :

Portals:
Trove: D:10 (lose all piety)


Innate Abilities, Weirdness & Mutations

You heal slowly.
You have razor-sharp teeth.
You have supernaturally acute eyesight. (SInv)
You can survive without breathing.
You have sharp fingernails.
You are partially covered in large bone plates. (SH +4)
You are partially covered in yellow scales. (AC +2)
You are robust. (+10% HP)


Message History

You are too injured to fight recklessly!
You puncture the orc!
You kill the orc!
Dithmenos accepts your kill. The orc warrior barely misses you.
You block the troll's attack.
The troll claws you but does no damage. x2; The orc barely misses you.
You puncture the orc!
You kill the orc!
Dithmenos accepts your kill.
Your shield and ring mail prevent you from hitting the troll.
The troll is severely wounded.
The orc warrior hits you with a scimitar!!
* * * LOW HITPOINT WARNING * * *
You block the troll's attack. The troll claws you!
* * * LOW HITPOINT WARNING * * *
The troll misses you.
Unknown command.
The orc warrior throws an exploding tomahawk.
The exploding tomahawk hits you!
You die...

.. ....
....#
.....##
.......###
.........##
........)o#
#....T..##
##..)@...#
#.....)..#
##.#......#
# #####.##
##


You could see a troll and an orc warrior.

Vanquished Creatures
  Harold (D:10)
  A two-headed ogre (D:8)
  Urug (D:10)
  Sonja (D:10)
  A gargoyle (D:10)
  A guardian mummy (D:10)
  A troll (D:9)
  A merfolk (D:9)
  2 slime creatures (D:8)
  A hippogriff (D:9)
  A yak (D:11)
  2 wyverns (D:10)
  A hungry ghost (D:8)
  A warg (D:9)
  A soldier ant (D:10)
  A porcupine (D:11)
  3 sky beasts
  An eye of draining (D:10)
  7 orc warriors
  2 phantoms
  A necrophage (D:5)
  4 ogres
  2 big kobolds (D:10)
  5 centaurs
  5 bullfrogs
  2 scorpions
  6 killer bees
  A howler monkey (D:5)
  9 wights (D:10)
  8 crimson imps
  3 bullfrog zombies
  6 hounds
  2 jellies (D:10)
  A centaur skeleton (D:4)
  6 orc priests
  5 worker ants
  Natasha (thrice) (D:2)
  2 iguanas
  8 orc wizards
  2 hound zombies
  6 adders
  3 shadow imps
  An adder zombie (D:9)
  An adder skeleton (D:4)
  A worm (D:5)
  4 dart slugs
  8 leopard geckos
  42 orcs
  7 giant cockroaches
  6 goblins
  9 hobgoblins
  16 jackals
  7 quokkas
  3 bats
  4 frilled lizards
  A jackal zombie (D:8)
  15 kobolds
  2 leopard gecko zombies
  8 rats
256 creatures vanquished.

Vanquished Creatures (others)
  5 orcs (D:4)
  A hobgoblin (D:4)
6 creatures vanquished.

Grand Total: 262 creatures vanquished

Notes
Turn   | Place    | Note
-------+----------+-------------------------------------------
     0 | D:1      | McIrco the Vampire Assassin began the quest for the Orb.
     0 | D:1      | Reached XP level 1. HP: 16/16 MP: 1/1
  2013 | D:1      | Reached skill level 6 in Stealth
  2069 | D:1      | Reached XP level 2. HP: 17/22 MP: 2/2
  2827 | D:1      | Reached XP level 3. HP: 23/27 MP: 3/3
  4012 | D:2      | Noticed Natasha
  4020 | D:2      | Killed Natasha
  4020 | D:2      | Reached skill level 7 in Stealth
  4020 | D:2      | Reached XP level 4. HP: 13/33 MP: 4/4
  4084 | D:2      | Noticed Natasha
  4103 | D:2      | Killed Natasha
  4165 | D:2      | Noticed Natasha
  4174 | D:2      | Killed Natasha
  4749 | D:3      | Reached XP level 5. HP: 36/38 MP: 5/5
  4951 | D:3      | Reached skill level 1 in Shields
  4966 | D:3      | Found a basalt altar of Yredelemnul.
  5009 | D:3      | Found an ornate altar of the Wu Jian Council.
  5081 | D:3      | You fall through a shaft for 3 floors!
  5081 | D:6      | Found a shadowy altar of Dithmenos.
  5085 | D:6      | Became a worshipper of Dithmenos the Shadowed
  5093 | D:6      | Noticed a fire elemental
  5094 | D:6      | Found a stormy altar of Qazlal.
  5095 | D:6      | Noticed an air elemental
  5095 | D:6      | Noticed a water elemental
  5688 | D:6      | Reached skill level 8 in Stealth
  5704 | D:6      | Reached XP level 6. HP: 45/45 MP: 6/6
  5736 | D:6      | Noticed a sky beast
  5736 | D:6      | Noticed a gargoyle
  5782 | D:5      | Entered Level 5 of the Dungeon
  6048 | D:5      | Found an ancient bone altar of Kikubaaqudgha.
  6496 | D:5      | Reached skill level 9 in Stealth
  6496 | D:5      | Reached XP level 7. HP: 51/51 MP: 7/7
  6575 | D:5      | Found Imatogie's Food Shop.
  6812 | D:4      | Reached * piety under Dithmenos
  7839 | D:4      | Found a shimmering altar of Xom.
  7924 | D:4      | Reached skill level 5 in Short Blades
  7949 | D:4      | Found a staircase to the Ecumenical Temple.
  8628 | D:6      | Found Anguyluri's Antique Weapon Shoppe.
  8637 | D:6      | Bought a bone rapier for 243 gold pieces
  8637 | D:6      | Identified the cursed +1 rapier "Pibb" {antimagic, Str+5}
                  | (You bought it in a shop on level 6 of the Dungeon)
  8830 | D:6      | Found a deep blue altar of Sif Muna.
  9459 | D:6      | Reached XP level 8. HP: 31/58 MP: 2/8
  9674 | D:6      | HP: 2/58 [gargoyle/flail (17)]
 10489 | D:7      | Reached skill level 10 in Stealth
 10493 | D:7      | Found a radiant altar of Vehumet.
 11634 | D:7      | Reached ** piety under Dithmenos
 12744 | D:8      | Noticed a two-headed ogre
 12746 | D:8      | Reached XP level 9. HP: 61/64 MP: 3/9
 12801 | D:8      | Killed a two-headed ogre
 12801 | D:8      | Reached skill level 5 in Dodging
 12801 | D:8      | Reached skill level 11 in Stealth
 12801 | D:8      | Reached skill level 5 in Shields
 14261 | D:8      | Found an iron altar of Okawaru.
 14261 | D:8      | Found a bloodstained altar of Trog.
 14778 | D:9      | Noticed a troll
 14786 | D:9      | Killed a troll
 14786 | D:9      | Reached XP level 10. HP: 73/73 MP: 2/10
 15568 | D:9      | Found Ruevvoyfi's Distillery.
 15576 | D:9      | Bought a potion of heal wounds for 65 gold pieces
 15576 | D:9      | Bought a potion of heal wounds for 65 gold pieces
 15576 | D:9      | Bought a potion of curing for 39 gold pieces
 15576 | D:9      | Bought a potion of lignification for 39 gold pieces
 15588 | D:9      | Gained mutation: You are agile. (Dex +2) [potion of
                  | mutation]
 15589 | D:9      | Lost mutation: You are agile. (Dex +2) [potion of mutation]
 15589 | D:9      | Gained mutation: You are robust. (+10% HP) [potion of
                  | mutation]
 15589 | D:9      | Gained mutation: You have sharp fingernails. [potion of
                  | mutation]
 15589 | D:9      | Gained mutation: You are partially covered in yellow
                  | scales. (AC +2) [potion of mutation]
 15589 | D:9      | Gained mutation: You are partially covered in large bone
                  | plates. (SH +4) [potion of mutation]
 15896 | D:9      | Reached skill level 12 in Stealth
 15966 | D:9      | Found a staircase to the Orcish Mines.
 16356 | D:9      | Found a stormy altar of Qazlal.
 16356 | D:9      | Found an opulent altar of Gozag.
 16395 | D:10     | Entered Level 10 of the Dungeon
 16423 | D:10     | Reached *** piety under Dithmenos
 16507 | D:10     | Noticed Harold
 16515 | D:10     | Killed Harold
 16515 | D:10     | Reached skill level 1 in Armour
 16585 | D:10     | Reached skill level 5 in Fighting
 16622 | D:10     | Found a bloodstained altar of Trog.
 16747 | D:10     | Noticed Sonja
 16757 | D:10     | Found Dici's Book Shoppe.
 16895 | D:10     | Noticed Urug
 16964 | D:10     | Killed Sonja
 17477 | D:10     | Killed Urug
 17477 | D:10     | Reached skill level 5 in Throwing
 17477 | D:10     | Reached XP level 11. HP: 70/86 MP: 3/11
 17511 | D:10     | Found a portal to a secret trove of treasure.
 18705 | D:10     | Reached **** piety under Dithmenos
 19659 | D:11     | Found a staircase to the Lair.
 19669 | D:11     | Noticed a sixfirhy
 19732 | Orc:1    | Entered Level 1 of the Orcish Mines
 19752 | Orc:1    | Hit by an exploding tomahawk thrown by an orc warrior

Skill      XL: |  1  2  3  4  5  6  7  8  9 10 11 |
---------------+----------------------------------+-----
Stealth        | 6 7 8 9 10 11 12 | 12.9
Dodging        | 2 3 4 5 6 |  6.1
Fighting       | 2 3 4 5 |  5.3
Short Blades   | 3 4 5 6 8 9 |  9.6
Shields        | 1 2 3 4 6 7 8 |  8.1
Throwing       | 3 5 |  5.2
Armour         | 1 |  1.8

Action                   |  1- 3 |  4- 6 |  7- 9 | 10-12 || total
-------------------------+-------+-------+-------+-------++-------
Melee: Dagger            |    91 |       |   222 |       ||   313
       Bite              |     5 |     3 |    46 |    64 ||   118
       Short sword       |     5 |    94 |    29 |       ||   128
       Rapier            |       |       |   224 |   416 ||   640
       Unarmed           |       |       |     1 |       ||     1
 Fire: Blowgun           |       |       |    51 |    88 ||   139
Throw: Throwing net      |       |       |       |     9 ||     9
 Abil: End Transformatio |       |       |    15 |     6 ||    21
       Bat Form          |       |       |    15 |     6 ||    21
Evoke: Wand              |       |       |       |     1 ||     1
  Use: Potion            |     1 |     3 |    10 |     8 ||    22
       Scroll            |       |     4 |     6 |    11 ||    21
 Stab: Sleeping          |     8 |    14 |    40 |    24 ||    86
       Distracted        |       |       |     5 |     2 ||     7
       Held in net/web   |       |       |       |     3 ||     3
  Eat: Corpse            |     1 |       |     1 |     2 ||     4
Armor: Robe              |    20 |    14 |    38 |       ||    72
       Ring mail         |       |       |     5 |    56 ||    61
Dodge: Dodged            |    44 |    44 |   191 |   167 ||   446
Block: Shield            |       |    13 |   155 |   290 ||   458
